[ AOE2 MATCH · #513625784 ]
UnrankedCiv #60 vs Koreans
Player's team · WIN
Rival team · LOSS
[ REPLAY ANALYSIS · EXTRACTED FROM THE RECORDED GAME ]
Feudal
11:06
Castle
18:56
Imperial
31:39
| APM avg | 89.3 |
| APM peak | 153 |
| eAPM avg | 48.4 |
| Villagers / military | 199 / 76 |
Focus
⚔️ 50.9% · 🌾 49.1%
Unknown (2705) ×90 · Militia ×40 · Trebuchet (Packed) ×17 · Scorpion ×7 · Mangonel ×6 · Monk ×4
Feudal
8:50
Castle
19:54
Imperial
33:23
| APM avg | 54.9 |
| APM peak | 79 |
| eAPM avg | 31.4 |
| Villagers / military | 174 / 161 |
Focus
⚔️ 40.8% · 🌾 59.2%
Fire Lancer ×101 · Archer ×37 · Iron Pagoda ×6 · Trebuchet (Packed) ×6 · Battering Ram ×5 · War Wagon ×3
Match map
Initial resources + every placement click. Lines = walls · curves = elevation contours. ◆ gold · ⬟ stone · ● berries · ✦ relic · ◌ wall gap
Your base· ✓ Closed at 18:56 · 40t walls · 1 gate(s)
[FrCo] Shenshenko's base· ✓ Closed at 19:54 · 36t walls · no gate
Smoothed initial terrain · ◌ = detected wall gap · hover for details
Inputs per minute
— VL Aveee - - [FrCo] Shenshenko
Build order — VL Aveee
First 150 of 606 actions detected
| 0:00 | Queue | Villager (Male) |
| 0:01 | Queue | Villager (Male) |
| 0:01 | Build | House |
| 0:02 | Build | House |
| 0:03 | Queue | Villager (Male) |
| 0:06 | Queue | Villager (Male) |
| 0:06 | Queue | Villager (Male) |
| 1:23 | Queue | Villager (Male) |
| 1:23 | Queue | Villager (Male) |
| 1:31 | Build | Lumber Camp |
| 2:04 | Queue | Villager (Male) |
| 2:12 | Queue | Villager (Male) |
| 2:28 | Queue | Villager (Male) |
| 2:29 | Queue | Villager (Male) |
| 2:29 | Queue | Villager (Male) |
| 3:00 | Queue | Villager (Male) |
| 3:00 | Queue | Villager (Male) |
| 3:00 | Queue | Villager (Male) |
| 3:26 | Build | House |
| 3:35 | Queue | Villager (Male) |
| 3:35 | Queue | Villager (Male) |
| 3:35 | Queue | Villager (Male) |
| 3:36 | Queue | Villager (Male) |
| 4:16 | Build | Barracks |
| 4:17 | Queue | Villager (Male) |
| 4:45 | Build | House |
| 4:49 | Build | House |
| 4:56 | Queue | Villager (Male) |
| 5:09 | Queue | Militia |
| 5:09 | Queue | Militia |
| 5:09 | Queue | Militia |
| 5:16 | Queue | Villager (Male) |
| 5:17 | Queue | Villager (Male) |
| 5:45 | Queue | Villager (Male) |
| 5:46 | Queue | Villager (Male) |
| 5:46 | Queue | Villager (Male) |
| 5:48 | Build | Mill |
| 5:52 | Queue | Militia |
| 5:52 | Queue | Militia |
| 6:20 | Queue | Villager (Male) |
| 6:21 | Queue | Villager (Male) |
| 6:21 | Queue | Villager (Male) |
| 6:21 | Queue | Villager (Male) |
| 6:46 | Build | Mill |
| 6:53 | Queue | Villager (Male) |
| 6:54 | Queue | Villager (Male) |
| 7:14 | Queue | Villager (Male) |
| 7:24 | Queue | Villager (Male) |
| 7:34 | Research | Loom |
| 7:35 | Queue | Villager (Male) |
| 7:36 | Build | House |
| 7:38 | Build | Palisade Wall |
| 7:42 | Queue | Villager (Male) |
| 7:42 | Queue | Villager (Male) |
| 7:42 | Queue | Villager (Male) |
| 7:43 | Queue | Villager (Male) |
| 7:44 | Build | Palisade Wall |
| 8:12 | Queue | Villager (Male) |
| 8:34 | Build | House |
| 8:35 | Build | Palisade Wall |
| 8:36 | Build | Palisade Wall |
| 8:56 | Research | Feudal Age |
| 8:56 | Research | Feudal Age |
| 8:57 | Research | Feudal Age |
| 9:13 | Build | Lumber Camp |
| 9:27 | Build | Palisade Wall |
| 9:56 | Build | Farm |
| 10:01 | Queue | Villager (Male) |
| 10:02 | Queue | Villager (Male) |
| 10:04 | Build | Palisade Wall |
| 11:06 | Age | Feudal Age |
| 11:11 | Queue | Villager (Male) |
| 11:27 | Research | Double-Bit Axe |
| 11:30 | Build | Farm |
| 11:30 | Build | Farm |
| 11:43 | Queue | Villager (Male) |
| 11:45 | Build | Farm |
| 11:58 | Build | House |
| 12:03 | Build | Archery Range |
| 12:04 | Build | Farm |
| 12:06 | Queue | Villager (Male) |
| 12:07 | Queue | Villager (Male) |
| 12:08 | Build | Farm |
| 12:15 | Build | House |
| 12:30 | Build | House |
| 12:37 | Build | Farm |
| 12:45 | Queue | Skirmisher |
| 12:48 | Queue | Villager (Male) |
| 12:53 | Build | Mining Camp |
| 12:56 | Build | Mining Camp |
| 13:48 | Queue | Villager (Male) |
| 14:00 | Build | Palisade Gate |
| 14:04 | Build | House |
| 14:08 | Queue | Villager (Male) |
| 14:10 | Build | Farm |
| 14:12 | Build | Farm |
| 14:13 | Build | Farm |
| 14:16 | Build | Farm |
| 14:21 | Build | Blacksmith |
| 14:23 | Queue | Villager (Male) |
| 14:42 | Build | Farm |
| 14:58 | Queue | Villager (Male) |
| 15:24 | Build | Farm |
| 15:36 | Build | House |
| 15:36 | Build | House |
| 15:51 | Queue | Villager (Male) |
| 16:10 | Research | Castle Age |
| 16:10 | Research | Castle Age |
| 16:17 | Research | Horse Collar |
| 16:17 | Research | Horse Collar |
| 16:36 | Research | Gold Mining |
| 16:36 | Research | Gold Mining |
| 16:40 | Build | Palisade Wall |
| 16:44 | Build | Palisade Wall |
| 16:47 | Build | Palisade Wall |
| 17:18 | Queue | Spearman |
| 18:17 | Queue | Villager (Male) |
| 18:30 | Build | Archery Range |
| 18:36 | Queue | Villager (Male) |
| 18:56 | Build | House |
| 18:56 | Age | Castle Age |
| 19:04 | Build | Town Center |
| 19:11 | Queue | Unit 2703 |
| 19:13 | Queue | Villager (Male) |
| 19:18 | Build | Town Center |
| 19:18 | Research | Bow Saw |
| 19:19 | Research | Heavy Plow |
| 19:22 | Build | Farm |
| 19:23 | Build | Farm |
| 19:24 | Queue | Villager (Male) |
| 19:25 | Build | Farm |
| 19:32 | Queue | Villager (Male) |
| 19:33 | Build | Siege Workshop |
| 19:58 | Queue | Villager (Male) |
| 20:17 | Build | House |
| 20:19 | Queue | Villager (Male) |
| 20:22 | Queue | Scorpion |
| 20:22 | Queue | Scorpion |
| 20:26 | Queue | Villager (Male) |
| 20:28 | Queue | Villager (Male) |
| 20:30 | Queue | Scorpion |
| 20:32 | Queue | Villager (Male) |
| 20:50 | Build | Monastery |
| 20:54 | Queue | Villager (Male) |
| 20:54 | Queue | Villager (Male) |
| 20:55 | Queue | Villager (Male) |
| 20:58 | Build | House |
| 21:00 | Build | House |
| 21:09 | Build | Monastery |
| 21:21 | Research | Wheelbarrow |
Build order — [FrCo] Shenshenko
First 150 of 502 actions detected
| 0:00 | Queue | Villager (Male) |
| 0:00 | Queue | Villager (Male) |
| 0:02 | Build | House |
| 0:05 | Build | House |
| 0:11 | Queue | Villager (Male) |
| 0:12 | Queue | Villager (Male) |
| 0:12 | Queue | Villager (Male) |
| 1:24 | Queue | Villager (Male) |
| 1:58 | Build | Lumber Camp |
| 2:04 | Queue | Villager (Male) |
| 2:04 | Queue | Villager (Male) |
| 2:30 | Queue | Villager (Male) |
| 2:52 | Queue | Villager (Male) |
| 2:52 | Queue | Villager (Male) |
| 3:21 | Queue | Villager (Male) |
| 3:21 | Queue | Villager (Male) |
| 3:39 | Queue | Villager (Male) |
| 3:39 | Queue | Villager (Male) |
| 3:56 | Build | House |
| 3:59 | Queue | Villager (Male) |
| 4:16 | Queue | Villager (Male) |
| 4:17 | Queue | Villager (Male) |
| 4:18 | Queue | Villager (Male) |
| 4:59 | Queue | Villager (Male) |
| 5:23 | Build | Mining Camp |
| 5:25 | Research | Loom |
| 5:50 | Queue | Villager (Male) |
| 5:53 | Research | Loom |
| 6:31 | Research | Feudal Age |
| 6:31 | Research | Feudal Age |
| 7:35 | Build | Palisade Wall |
| 7:36 | Build | Palisade Wall |
| 7:52 | Build | Barracks |
| 8:24 | Queue | Villager (Male) |
| 8:40 | Build | House |
| 8:41 | Queue | Villager (Male) |
| 8:50 | Age | Feudal Age |
| 8:52 | Build | Archery Range |
| 8:57 | Research | Double-Bit Axe |
| 8:57 | Research | Double-Bit Axe |
| 9:03 | Queue | Villager (Male) |
| 9:25 | Build | Mill |
| 9:29 | Queue | Archer |
| 9:29 | Queue | Archer |
| 9:42 | Queue | Villager (Male) |
| 9:48 | Queue | Spearman |
| 9:52 | Build | House |
| 10:01 | Queue | Villager (Male) |
| 10:02 | Queue | Skirmisher |
| 10:10 | Build | House |
| 10:41 | Queue | Villager (Male) |
| 10:53 | Build | House |
| 10:59 | Queue | Villager (Male) |
| 11:07 | Queue | Villager (Male) |
| 11:08 | Build | Farm |
| 11:08 | Build | Farm |
| 11:08 | Build | Farm |
| 11:09 | Build | Farm |
| 11:09 | Build | Farm |
| 11:28 | Queue | Villager (Male) |
| 11:29 | Queue | Villager (Male) |
| 11:43 | Build | Farm |
| 11:46 | Queue | Villager (Male) |
| 11:51 | Research | Horse Collar |
| 11:51 | Research | Horse Collar |
| 12:06 | Queue | Villager (Male) |
| 12:09 | Build | Farm |
| 12:17 | Build | Farm |
| 12:29 | Queue | Archer |
| 12:29 | Queue | Archer |
| 12:39 | Queue | Villager (Male) |
| 12:53 | Queue | Villager (Male) |
| 13:06 | Queue | Villager (Male) |
| 13:09 | Build | Farm |
| 13:19 | Queue | Villager (Male) |
| 13:25 | Queue | Archer |
| 13:36 | Queue | Spearman |
| 13:55 | Build | Farm |
| 14:02 | Queue | Archer |
| 14:06 | Queue | Villager (Male) |
| 14:11 | Build | Farm |
| 14:19 | Queue | Villager (Male) |
| 14:31 | Build | Palisade Wall |
| 14:33 | Build | Palisade Wall |
| 14:49 | Build | Farm |
| 14:52 | Build | Farm |
| 15:02 | Build | House |
| 15:10 | Build | House |
| 15:20 | Queue | Villager (Male) |
| 15:27 | Build | Farm |
| 15:38 | Build | House |
| 15:40 | Build | Palisade Wall |
| 15:44 | Queue | Villager (Male) |
| 15:47 | Queue | Archer |
| 15:47 | Queue | Archer |
| 16:07 | Build | Palisade Wall |
| 16:09 | Build | Palisade Wall |
| 16:23 | Queue | Villager (Male) |
| 16:34 | Build | Blacksmith |
| 16:36 | Queue | Villager (Male) |
| 16:39 | Queue | Archer |
| 16:40 | Queue | Archer |
| 16:40 | Queue | Archer |
| 16:40 | Queue | Archer |
| 17:02 | Build | Palisade Wall |
| 17:14 | Research | Castle Age |
| 17:14 | Research | Castle Age |
| 17:25 | Build | Palisade Wall |
| 17:32 | Research | Gold Mining |
| 17:33 | Research | Gold Mining |
| 17:52 | Build | House |
| 17:54 | Queue | Archer |
| 18:05 | Research | Fletching |
| 18:44 | Build | Archery Range |
| 19:24 | Build | Archery Range |
| 19:28 | Queue | Villager (Male) |
| 19:38 | Queue | Archer |
| 19:54 | Age | Castle Age |
| 19:55 | Research | Crossbowman (upgrade) |
| 19:56 | Research | Bodkin Arrow |
| 19:56 | Research | Bodkin Arrow |
| 20:05 | Research | Bow Saw |
| 20:06 | Research | Bow Saw |
| 20:17 | Queue | Villager (Male) |
| 20:17 | Queue | Villager (Male) |
| 20:27 | Queue | Archer |
| 20:27 | Queue | Archer |
| 20:34 | Build | Town Center |
| 20:38 | Queue | Archer |
| 20:38 | Queue | Archer |
| 20:46 | Queue | Villager (Male) |
| 21:00 | Queue | Villager (Male) |
| 21:05 | Research | Heavy Plow |
| 21:05 | Research | Heavy Plow |
| 21:07 | Queue | Villager (Male) |
| 21:08 | Queue | Archer |
| 21:09 | Queue | Archer |
| 21:09 | Queue | Archer |
| 21:38 | Queue | Villager (Male) |
| 21:48 | Queue | Villager (Male) |
| 21:48 | Queue | Villager (Male) |
| 22:05 | Queue | Villager (Male) |
| 22:05 | Queue | Villager (Male) |
| 22:14 | Build | Town Center |
| 22:22 | Queue | Villager (Male) |
| 22:25 | Build | House |
| 22:34 | Queue | Villager (Male) |
| 22:38 | Build | House |
| 22:43 | Queue | Villager (Male) |
| 22:44 | Queue | Archer |
Match timeline
| 4:16 | VL Aveee · first_building Barracks |
| 7:35 | [FrCo] Shenshenko · wall_segment Palisade Wall x1 |
| 7:36 | [FrCo] Shenshenko · wall_segment Palisade Wall x1 |
| 7:38 | VL Aveee · wall_segment Palisade Wall x1 |
| 7:44 | VL Aveee · wall_segment Palisade Wall x1 |
| 7:52 | [FrCo] Shenshenko · first_building Barracks |
| 8:35 | VL Aveee · wall_segment Palisade Wall x5 |
| 8:36 | VL Aveee · wall_segment Palisade Wall x5 |
| 8:50 | [FrCo] Shenshenko · age_up feudal |
| 8:52 | [FrCo] Shenshenko · first_building Archery Range |
| 9:27 | VL Aveee · wall_segment Palisade Wall x17 |
| 10:04 | VL Aveee · wall_segment Palisade Wall x9 |
| 11:06 | VL Aveee · age_up feudal |
| 12:03 | VL Aveee · first_building Archery Range |
| 14:31 | [FrCo] Shenshenko · wall_segment Palisade Wall x5 |
| 14:33 | [FrCo] Shenshenko · wall_segment Palisade Wall x16 |
| 15:40 | [FrCo] Shenshenko · wall_segment Palisade Wall x5 |
| 16:07 | [FrCo] Shenshenko · wall_segment Palisade Wall x1 |
| 16:09 | [FrCo] Shenshenko · wall_segment Palisade Wall x1 |
| 16:40 | VL Aveee · wall_segment Palisade Wall x1 |
| 16:44 | VL Aveee · wall_segment Palisade Wall x1 |
| 16:47 | VL Aveee · wall_segment Palisade Wall x1 |
| 17:02 | [FrCo] Shenshenko · wall_segment Palisade Wall x5 |
| 17:25 | [FrCo] Shenshenko · wall_segment Palisade Wall x1 |
| 18:56 | VL Aveee · age_up castle |
| 19:33 | VL Aveee · first_building Siege Workshop |
| 19:54 | [FrCo] Shenshenko · age_up castle |
| 20:50 | VL Aveee · first_building Monastery |
| 23:47 | [FrCo] Shenshenko · first_building Siege Workshop |
| 27:42 | VL Aveee · first_building Castle |
| 29:04 | [FrCo] Shenshenko · first_building Monastery |
| 29:49 | [FrCo] Shenshenko · first_market_sell 500 wood |
| 30:06 | [FrCo] Shenshenko · first_market_buy 100 food |
| 31:04 | [FrCo] Shenshenko · first_building Castle |
| 31:39 | VL Aveee · age_up imperial |
| 33:07 | VL Aveee · first_market_buy 100 stone |
| 33:08 | VL Aveee · first_market_sell 500 wood |
| 33:23 | [FrCo] Shenshenko · age_up imperial |
| 35:36 | [FrCo] Shenshenko · wall_segment Palisade Wall x1 |
| 42:04 | [FrCo] Shenshenko · resign |
[ AI ANALYSIS · 1 CREDIT ]
What really happened in this match?
Wolo.gg analyzes every decision: build order, eco, micro, common mistakes by bracket. Personalized analysis on WhatsApp or Discord in 30 seconds.
Civ guide
Civ #60
Perfil
Jugador #6773576